 Dungeon Crawl Stone Soup version 0.28.0-45-g0d030f2227 (webtiles) character file.

Game seed: 1401177609058292526

1577 protoss039 the Conjurer (level 8, -8/41 HPs)
             Began as a Gargoyle Fire Elementalist on Apr 24, 2022.
             Killed by an exploding orc (24 damage)
             ... ignited by their inner flame
             ... on level 7 of the Dungeon.
             The game lasted 00:06:27 (7269 turns).

protoss039 the Conjurer (GrFE)                      Turns: 7269, Time: 00:06:29

Health: -8/41      AC: 12    Str: 11    XL:     8   Next: 91%
Magic:  11/17      EV: 14    Int: 19    God:
Gold:   323        SH:  0    Dex: 10    Spells: 6/19 levels left

rFire   . . .      SeeInvis .   j - +2 dagger (venom)
rCold   . . .      Faith    .   (no shield)
rNeg    + . .      Spirit   .   r - +0 ring mail
rPois   ∞          Reflect  .   (no helmet)
rElec   +          Harm     .   d - +0 cloak
rCorr   +          Rampage  .   (no gloves)
Will    .....                   h - +0 pair of boots
Stlth   +.........              (no amulet)
HPRegen 0.13/turn               o - ring of resist corrosion
MPRegen 0.15/turn               s - +4 ring of evasion

@: no status effects
A: sickness immunity, AC +5, negative energy resistance 1, electricity
resistance, torment resistance 1, petrification resistance
a: no special abilities


You were on level 7 of the Dungeon.
You visited 2 branches of the dungeon, and saw 8 of its levels.

You collected 323 gold pieces.

Inventory:

Hand Weapons
 j - a +2 dagger of venom (weapon)
Missiles
 a - 2 throwing nets
Armour
 d - a +0 cloak (worn)
 h - a +0 pair of boots (worn)
 r - a +0 ring mail (worn)
Jewellery
 b - a ring of ice
 o - a ring of resist corrosion (left hand)
 s - a +4 ring of evasion (right hand)
Wands
 m - a wand of charming (3)
 p - a wand of polymorph (8)
 t - a wand of iceblast (4)
 u - a wand of acid (10)
Scrolls
 c - 3 scrolls of teleportation {unknown}
 g - 2 scrolls of amnesia {unknown}
 i - 3 scrolls of magic mapping {unknown}
 k - a scroll of enchant armour {unknown}
 l - 2 scrolls of enchant weapon {unknown}
 q - a scroll of identify {unknown}
 w - a scroll of noise {unknown}
Potions
 e - 2 potions of ambrosia {unknown}
 f - 6 potions of curing {unknown}
 n - 2 potions of attraction {unknown}
 v - a potion of berserk rage {unknown}


   Skills:
 - Level 1.5 Dodging
 - Level 2.2 Stealth
 + Level 6.0 Spellcasting
 + Level 6.9 Conjurations
 + Level 6.9 Fire Magic


You had 6 spell levels left.
You knew the following spells:

 Your Spells              Type           Power      Damage    Failure   Level
a - Foxfire               Conj/Fire      100%       2x1d9     1%          1
b - Scorch                Fire           64%        2d8       2%          2
c - Conjure Flame         Conj/Fire      32%        6-21      4%          3
d - Inner Flame           Hex/Fire       18%        N/A       21%         3
e - Flame Wave            Conj/Fire      32%        2d8       16%         4

Your spell library contained the following spells:

 Spells                   Type           Power      Damage    Failure   Level
 Static Discharge         Conj/Air       18%        N/A       10%         2
 Sticky Flame             Conj/Fire      32%        2d5       16%         4
 Ignite Poison            Fire/Tmut/Pois 14%        N/A       32%         3
 Dispel Undead            Necr           5%         3d7       95%         4


Dungeon Overview and Level Annotations

Branches:
Dungeon (7/15)             Temple (1/1) D:4

Altars:
Ashenzari
Cheibriados
Dithmenos
Elyvilon
Fedhas
Hepliaklqana
Kikubaaqudgha
Okawaru
Qazlal
Ru
Sif Muna
Trog
Uskayaw
Wu Jian
Xom
The Shining One

Shops:
D:3 (   D:5 [


Innate Abilities, Weirdness & Mutations

You are immune to sickness and miasma.
Your stone body is resilient. (AC +5)
You are immune to poison.
You resist negative energy. (rN+)
You are resistant to electric shocks. (rElec)
You are resistant to unholy torment.
You are immune to petrification.


Message History

The spell is quite dangerous to miscast (21% risk of failure)!
Continue anyway?
Aiming: Inner Flame (quite dangerous; 21% risk of failure)
Press: ? - help, Dir - move target, f - orc
Aim: an orc, wielding a +0 hand axe and wearing a +0 scale mail (chance to affect: 85%)
The orc is filled with an inner flame.
Unknown command.
Unknown command.
Unknown command.
You hit the orc but do no damage. The orc warrior completely misses you.
The orc barely misses you.
Unknown command.
Unknown command.
Unknown command.
You hit the orc but do no damage.
The orc warrior hits you but does no damage.
The orc hits you but does no damage.
Unknown command.
You barely miss the orc.
The orc warrior hits you with a +0 short sword!
The orc barely misses you.
Unknown command.
You hit the orc but do no damage.
The orc is poisoned.
The orc warrior hits you but does no damage.
A wight comes into view. It is wielding a +2 spear of freezing.
The orc hits you with a +0 hand axe.
Unknown command.
Unknown command.
You hit the orc but do no damage.
The orc looks as sick as possible!
Flame seeps out of the orc.
The orc warrior hits you with a +0 short sword!
The orc is engulfed in blazing flames.
The orc explodes!
The fiery explosion engulfs the orc!!!
You kill the orc!
The fiery explosion engulfs the orc warrior!!!
The orc warrior is burned terribly!
You kill the orc warrior!
The fiery explosion engulfs you!!
Ouch! That really hurt!
You die...

. .. ♣.
♣♣..
.z.cz####
♣.zo§○§#
#@# #.#
#.# ##.#
#..# #.##
#.# #<#
#.#


You could see a centaur, 3 wights and an orc.

Vanquished Creatures
  2 orc warriors
  A hornet zombie (D:6)
  3 ogres
  2 sky beasts
  A centaur (D:4)
  A phantom (D:3)
  2 scorpions
  A water moccasin zombie (D:5)
  2 water moccasin skeletons (D:6)
  2 bullfrog skeletons (D:6)
  A jelly (D:6)
  2 orc priests (D:6)
  2 hounds (D:5)
  3 iguanas
  A killer bee zombie (D:6)
  A hound skeleton (D:4)
  3 gnolls
  9 adders
  A white imp (D:5)
  2 worms
  A dart slug (D:4)
  10 orcs
  6 endoplasms
  2 giant cockroaches
  3 hobgoblins
  12 jackals
  9 kobolds
  2 quokkas
  2 ball pythons (D:2)
  2 bats
  5 goblins
  5 rats
101 creatures vanquished.

Vanquished Creatures (others)
  192 foxfires
192 creatures vanquished.

Grand Total: 293 creatures vanquished

Notes
Turn   | Place    | Note
-------+----------+-------------------------------------------
     0 | D:1      | protoss039 the Gargoyle Fire Elementalist began the quest
                  | for the Orb.
     0 | D:1      | Reached XP level 1. HP: 10/10 MP: 3/3
   286 | D:1      | Reached XP level 2. HP: 14/15 MP: 5/5
   316 | D:1      | Learned a level 2 spell: Scorch
  1385 | D:2      | Reached XP level 3. HP: 16/19 MP: 6/6
  1612 | D:2      | Found a faded altar of an unknown god.
  2145 | D:2      | Reached XP level 4. HP: 6/24 MP: 3/8
  2644 | D:2      | Learned a level 3 spell: Conjure Flame
  2792 | D:3      | Found a shimmering altar of Xom.
  2866 | D:3      | Noticed a phantom
  2872 | D:3      | Killed a phantom
  2873 | D:3      | Reached XP level 5. HP: 28/28 MP: 2/9
  3183 | D:3      | Found Koac's Weapon Emporium.
  3499 | D:4      | Found an iron altar of Okawaru.
  3573 | D:4      | Reached XP level 6. HP: 25/32 MP: 5/11
  3809 | D:4      | Found a staircase to the Ecumenical Temple.
  3820 | Temple   | Entered the Ecumenical Temple
  4472 | D:4      | Noticed a sky beast
  4477 | D:4      | Killed a sky beast
  4478 | D:4      | Reached skill level 5 in Fire Magic
  4478 | D:4      | Reached XP level 7. HP: 36/36 MP: 6/13
  4763 | D:5      | Entered Level 5 of the Dungeon
  4779 | D:5      | Learned a level 3 spell: Inner Flame
  4784 | D:5      | Learned a level 4 spell: Flame Wave
  4787 | D:5      | Found Suiboatiti's Armour Emporium.
  4893 | D:5      | Found a hazy altar of Hepliaklqana.
  5005 | D:5      | Reached skill level 5 in Conjurations
  5498 | D:5      | Reached skill level 5 in Spellcasting
  5498 | D:5      | Reached XP level 8. HP: 41/41 MP: 10/15
  7269 | D:7      | Killed by an exploding orc... ignited by their inner flame

Illustrated notes

Levels and vault maps discovered:
D:1:      dpeg_arrival_round_c, layout_loops_ring
D:2:      layout_loops_cross, hellmonk_ecumenical_altar_run_dry,
          minmay_tromino_v2
D:3:      layout_rooms, xom_teletrap_fun, serial_shops, nicolae_diamond_shop
D:4:      layout_gridville, okawaru_gym_becter,
          minmay_temple_entry_statues_fountains
D:5:      layout_loops_cross, mainiacjoe_overflow_tiny_flanked,
          nicolae_stop_n_shop_1, nicolae_figureground_pulse
D:6:      layout_loops_cross
D:7:      layout_loops_ring, mainiacjoe_overflow_small_starburst, uniq_menkaure
Temple:   dshaligram_water_room_temple

Skill      XL: |  1  2  3  4  5  6  7  8 |
---------------+-------------------------+-----
Conjurations   | 2 3 4 5 6 |  6.9
Spellcasting   | 3 4 5 6 |  6.0
Fire Magic     | 4 5 6 |  6.9
Dodging        | |  1.5
Stealth        | |  2.2

Action                   |  1- 3 |  4- 6 |  7- 9 || total
-------------------------+-------+-------+-------++-------
Melee: Unarmed           |    10 |       |       ||    10
       Dagger            |    96 |    56 |    64 ||   216
 Cast: Foxfire           |     7 |    51 |    52 ||   110
       Scorch            |    11 |    10 |    49 ||    70
       Inner Flame       |       |       |     1 ||     1
 Stab: Sleeping          |     5 |     2 |       ||     7
Armor: Robe              |    29 |       |       ||    29
       Leather armour    |    18 |    31 |       ||    49
       Ring mail         |       |    14 |    38 ||    52
Dodge: Dodged            |    65 |    50 |    74 ||   189
